 Dungeon Sprint DCSS version 0.13.0-29-gdb529de (webtiles) character file.

140 Lilouch the Shield-Bearer (level 5, -6/34 HPs)
             Began as a Gargoyle Fighter on Nov 13, 2013.
             Was an Initiate of Okawaru.
             Mangled by a hill giant
             ... wielding a +0,+0 giant club
              (34 damage)
             ... in the Dungeon (Sprint IX: "|||||||||||||||||||||||||||||").
             The game lasted 00:03:50 (299 turns).

Lilouch the Shield-Bearer (Gargoyle Fighter)         Turns: 299, Time: 00:03:50

HP  -6/34        AC 18     Str 23      XL: 5   Next:  4%
MP   4/4         EV  6     Int  9      God: Okawaru [......]
Gold 20          SH 22     Dex 12      Spells:  0 memorised,  4 levels left

Res.Fire  : . . .   See Invis. : .   s - +2 morningstar (crush)
Res.Cold  : . . .   Warding    : .   r - +1 dwarf chain mail
Life Prot.: + . .   Conserve   : .   c - +0 shield
Res.Poison: +       Res.Corr.  : .   q - +0 helmet
Res.Elec. : +       Clarity    : .   (no cloak)
Sust.Abil.: . .     Spirit.Shd : .   m - +0 pair of elf gloves
Res.Mut.  : .       Prev.Telep.: +   (no boots)
Res.Rott. : +       Flight     : .   (no amulet)
Saprovore : . . .                    l - +3 ring of dexterity
                                     b - +3 ring of strength

@: slightly resistant to hostile enchantments, extremely unstealthy
A: fangs 1, talons 2, life protection 1, electricity resistance, slow metabolism
1, unbreathing, petrification resistance, AC +4
a: Renounce Religion


You were in the Dungeon.
You worshipped Okawaru.
Okawaru was noncommittal.
You were not hungry.

You visited 1 branch

Inventory:

Hand weapons
 a - a +0,+0 mace
 s - a +2,+2 morningstar of crushing (weapon)
 t - a +2,+2 dwarven sabre of freezing
Armour
 c - a +0 shield (worn)
 m - a +0 pair of elven gloves (worn)
 q - a +0 helmet (worn)
 r - a +1 dwarven chain mail (worn)
Magical devices
 p - a wand of draining (7)
Comestibles
 d - a bread ration
Scrolls
 j - 2 scrolls of blinking
 n - 3 scrolls of remove curse
 o - 2 scrolls of amnesia
Jewellery
 b - a +3 ring of strength (left hand)
 l - a +3 ring of dexterity (right hand)
Potions
 e - 5 potions of curing
 f - 3 potions of heal wounds
 g - a potion of speed
 h - 4 potions of magic
 i - a potion of berserk rage
 k - a potion of invisibility


   Skills:
 + Level 6.2 Fighting
 + Level 4.4 Maces & Flails
 + Level 6.1 Armour
 + Level 1.4 Dodging
 + Level 6.4 Shields


You had 4 spell levels left.
You didn't know any spells.

Dungeon Overview and Level Annotations

Branches:
Dungeon (1/1)

Altars:
Ashenzari
Cheibriados
Elyvilon
Fedhas
Kikubaaqudgha
Makhleb
Nemelex Xobeh
Okawaru
Sif Muna
Trog
Vehumet
Xom
Yredelemnul
Zin
the Shining One


Innate Abilities, Weirdness & Mutations

You are resistant to torment.
You are immune to poison.
Your stone body is very resilient (AC +4).
You have very sharp teeth.
You have razor-sharp toenails.
You resist negative energy.
You are resistant to electric shocks.
You have a slow metabolism.
You can survive without breathing.
You are immune to petrification.


Message History

You puncture the centaur!
You kill the centaur!
Okawaru accepts your kill.
Your Fighting skill gained 2 levels and is now at level 6!
Your Maces & Flails skill increases to level 4!
Your Armour skill gained 2 levels and is now at level 6!
Your Dodging skill increases to level 1!
Your Shields skill increases to level 6!
You have reached level 4!
You feel clever.
You have reached level 5!
You hit the hill giant but do no damage.
You claw the hill giant.
The hill giant is lightly wounded.
You block the hill giant's attack.
You puncture the hill giant!
The hill giant is moderately wounded.
The hill giant hits you with a giant club!
Ouch! That really hurt!
You die...

#+#
#.#
#.#
#b#
#M#
#C#
#@#
#(#
#.#
#.#
#%#
#.#
#.#
#)#
#|#


You could see a hill giant, a mummy and a bat.

Vanquished Creatures
  A centaur (D)
  A worker ant (D)
  A giant gecko (D)
  An orc (D)
  A bat (D)
  2 goblins (D)
  A hobgoblin (D)
  A jackal (D)
  A quokka (D)
  A giant newt (D)
  A rat (D)
  A rat skeleton (D)
13 creatures vanquished.

Notes
Turn   | Place    | Note
--------------------------------------------------------------
     0 | D        | Lilouch, the Gargoyle Fighter, began the quest for the Orb.
     0 | D        | Reached XP level 1. HP: 14/14 MP: 0/0
    18 | D        | Reached skill level 4 in Armour
    36 | D        | Noticed a worker ant
    38 | D        | Reached XP level 2. HP: 19/19 MP: 1/1
    47 | D        | Killed a worker ant
    47 | D        | Reached skill level 5 in Shields
    47 | D        | Reached XP level 3. HP: 15/24 MP: 2/2
   168 | D        | Found a blossoming altar of Fedhas.
   168 | D        | Found a deep blue altar of Sif Muna.
   168 | D        | Found a radiant altar of Vehumet.
   168 | D        | Found a snail-covered altar of Cheibriados.
   168 | D        | Found a bloodstained altar of Trog.
   168 | D        | Found a deep blue altar of Sif Muna.
   168 | D        | Found a shimmering altar of Xom.
   169 | D        | Found an iron altar of Okawaru.
   170 | D        | Found a burning altar of Makhleb.
   171 | D        | Found a sparkling altar of Nemelex Xobeh.
   172 | D        | Found a glowing golden altar of the Shining One.
   173 | D        | Found a shimmering altar of Xom.
   174 | D        | Found a white marble altar of Elyvilon.
   175 | D        | Found a basalt altar of Yredelemnul.
   176 | D        | Found a shattered altar of Ashenzari.
   177 | D        | Found a glowing silver altar of Zin.
   178 | D        | Found an ancient bone altar of Kikubaaqudgha.
   180 | D        | Became a worshipper of Warmaster Okawaru
   289 | D        | Noticed a hill giant
   289 | D        | Noticed a centaur
   297 | D        | Killed a centaur
   297 | D        | Reached skill level 6 in Fighting
   297 | D        | Reached skill level 1 in Dodging
   297 | D        | Reached XP level 4. HP: 25/30 MP: 3/3
   297 | D        | Reached XP level 5. HP: 28/34 MP: 4/4
   299 | D        | Mangled by a hill giant

Action                   |  1- 3 |  4- 6 || total
-------------------------+-------+-------++-------
Melee: Mace              |    34 |       ||    34
       Morningstar       |     5 |     2 ||     7
